 Dungeon Crawl Stone Soup version 0.18.1-6-gd335043 (webtiles) character file.

56597 ololoev the Severer (level 14, 0/125 HPs)
             Began as a Minotaur Hunter on May 16, 2016.
             Was a High Priest of Okawaru.
             Slain by a cyan ugly thing (15 damage)
             ... on level 15 of the Dungeon.
             The game lasted 00:46:39 (21518 turns).

ololoev the Severer (Minotaur Hunter)              Turns: 21518, Time: 00:46:40

Health: 0/125      AC: 23    Str: 23    XL:     14   Next: 42%
Magic:  12/18      EV: 11    Int:  8    God:    Okawaru [*****.]
Gold:   675        SH:  0    Dex: 10    Spells: 0 memorised, 13 levels left

rFire  . . .     SeeInvis .     a - +5 battleaxe (chop)
rCold  . . .     Gourm    .     Y - +0 plate armour
rNeg   . . .     Faith    .     (shield currently unavailable)
rPois  +         Spirit   .     (helmet restricted)
rElec  .         Dismiss  .     t - +1 cloak
rCorr  .         Reflect  .     (no gloves)
SustAt .         Harm     .     e - +1 pair of boots
MR     ++...                    (no amulet)
Stlth  ..........               F - ring of poison resistance
                                T - ring of protection from magic

@: heroism, finesse, very resistant to hostile enchantments, extremely
unstealthy
A: retaliatory headbutt, horns 2
a: Heroism, Finesse, Renounce Religion


Innate Abilities, Weirdness & Mutations

You reflexively headbutt those who attack you in melee.
You have a pair of horns on your head.

Inventory:

Hand Weapons
 a - a +5 battleaxe of chopping (weapon)
 b - the +2 blowgun of Muej {evade, Dex+2}
   (You bought it in a shop on level 4 of the Dungeon)

   It affects your evasion (+5 to EV).
   It affects your dexterity (+2).
 v - a +3 battleaxe of flaming
Missiles
 c - 12 javelins
 d - 3 throwing nets
 g - 3 needles of frenzy
 u - 6 needles of confusion
 I - 19 curare-tipped needles
 Q - a javelin of returning (quivered)
 Z - 15 javelins of penetration
Armour
 e - a +1 pair of boots (worn)
 t - a +1 cloak (worn)
 Y - a +0 plate armour (worn)
Jewellery
 F - a ring of poison resistance (right hand)
 T - a ring of protection from magic (left hand)
Wands
 o - a wand of digging (7/24)
 y - a wand of hasting (3/9)
 B - a wand of teleportation (3/9)
 C - a wand of disintegration (5/24)
Scrolls
 h - 2 scrolls of enchant armour
 i - 3 scrolls of blinking
 k - 8 scrolls of remove curse
 A - 3 scrolls of teleportation
 D - a scroll of enchant weapon
 G - a scroll of brand weapon {unknown}
 H - 2 scrolls of amnesia
 K - 2 scrolls of fear
 S - 3 scrolls of magic mapping
 V - 4 scrolls of fog
Potions
 j - 4 potions of flight
 l - 3 potions of might
 m - 3 potions of cure mutation
 p - a potion of ambrosia
 w - 3 potions of curing
 x - a potion of magic {unknown}
 N - a potion of resistance
 X - 2 potions of agility {unknown}
Miscellaneous
 q - a lamp of fire
Comestibles
 f - 11 bread rations
 n - 3 slices of pizza
 s - 10 meat rations
 z - 11 fruits
 W - 9 beef jerkies


   Skills:
 + Level 11.8(16.8) Fighting
 * Level 15.3(20.3) Axes
 * Level 14.3(19.3) Throwing
 + Level 11.9(16.9) Armour
 + Level 5.3(10.3) Dodging
 - Level 0.7(5.7) Stealth
 + Level 7.9 Invocations


You had 13 spell levels left.
You didn't know any spells.


You were on level 15 of the Dungeon.
You worshipped Okawaru.
Okawaru was extremely pleased with you.
You were hungry.

You visited 1 branch of the dungeon, and saw 15 of its levels.
You also visited: Sewer.

You collected 964 gold pieces.
You spent 289 gold pieces at shops.

#.......#......#.......#
#.......#......#.#(#.#.#
#.......'........(......
#.......#......#.......#
#.......#......(........
#####'###......#.......#
#......................
#......u......#.......#
#.....@u...............
########.5....#.#.#.#.#
#.....##......#.......#
#.............#.......#
#.........††..#.......#
#.....##......#.......#
#.....##......#.......+
#.............#.......#
#.............#.......#

Notes
Turn   | Place    | Note
--------------------------------------------------------------
     0 | D:1      | ololoev the Minotaur Hunter began the quest for the Orb.
     0 | D:1      | Reached XP level 1. HP: 18/18 MP: 0/0
   255 | D:1      | Reached XP level 2. HP: 25/25 MP: 1/1
   751 | D:2      | Reached XP level 3. HP: 24/30 MP: 2/2
   857 | D:2      | Reached skill level 1 in Armour
  1154 | D:2      | Found a blossoming altar of Fedhas.
  1263 | D:2      | Noticed Terence
  1484 | D:2      | Noticed Robin
  1563 | D:1      | Reached skill level 5 in Throwing
  1564 | D:1      | Killed Robin
  1587 | D:2      | Reached XP level 4. HP: 38/38 MP: 3/3
  1699 | D:2      | Noticed Crazy Yiuf
  1705 | D:2      | Killed Crazy Yiuf
  2087 | D:2      | Killed Terence
  2156 | D:3      | Reached XP level 5. HP: 41/45 MP: 4/4
  2254 | D:3      | Noticed a centaur
  2258 | D:3      | Killed a centaur
  2258 | D:3      | Reached skill level 1 in Axes
  2325 | D:3      | Noticed Grinder
  2329 | D:3      | Killed Grinder
  2329 | D:3      | Reached skill level 2 in Axes
  2329 | D:3      | Reached XP level 6. HP: 52/52 MP: 5/5
  2443 | D:3      | Reached skill level 3 in Axes
  2749 | D:3      | Found a shimmering altar of Xom.
  2777 | D:3      | Reached XP level 7. HP: 49/60 MP: 6/6
  3196 | D:4      | Reached skill level 4 in Axes
  3240 | D:4      | Found Nosurun's Assorted Antiques.
  3274 | D:4      | Reached skill level 5 in Fighting
  3361 | D:4      | Found an iron altar of Okawaru.
  3370 | D:4      | Became a worshipper of Warmaster Okawaru
  3664 | D:5      | Entered Level 5 of the Dungeon
  3939 | D:5      | Found a glowing drain.
  3944 | Sewer    | Entered a sewer
  4047 | Sewer    | Reached skill level 5 in Axes
  4192 | Sewer    | Reached XP level 8. HP: 36/68 MP: 7/7
  5228 | D:5      | Reached skill level 6 in Axes
  5228 | D:5      | Reached skill level 5 in Armour
  5402 | D:6      | Noticed Blork the orc
  5411 | D:6      | Killed Blork the orc
  5411 | D:6      | Reached * piety under Okawaru
  5484 | D:6      | Found a snail-covered altar of Cheibriados.
  5958 | D:6      | Reached skill level 7 in Axes
  5969 | D:6      | Noticed mistymad's ghost (novice MiBe)
  5989 | D:6      | Killed mistymad's ghost
  5989 | D:6      | Reached ** piety under Okawaru
  5989 | D:6      | Reached XP level 9. HP: 28/78 MP: 8/8
  6255 | D:6      | Found a staircase to the Ecumenical Temple.
  6726 | D:7      | Found a burning altar of Makhleb.
  7083 | D:7      | Reached skill level 8 in Axes
  7092 | D:7      | Noticed Prince Ribbit
  7114 | D:7      | Killed Prince Ribbit
  7703 | D:8      | Reached *** piety under Okawaru
  8396 | D:8      | Found an oddly glowing altar of Pakellas.
  8397 | D:8      | Noticed an ice dragon
  8411 | D:8      | Killed an ice dragon
  8505 | D:8      | Reached skill level 9 in Axes
  8892 | D:9      | Found a staircase to the Orcish Mines.
  8935 | D:9      | Reached XP level 10. HP: 73/86 MP: 9/9
  8968 | D:9      | Noticed Erica
  8983 | D:9      | Killed Erica
  8983 | D:9      | Reached skill level 1 in Invocations
  9235 | D:9      | Reached skill level 10 in Throwing
  9696 | D:4      | Bought an ancient blowgun for 165 gold pieces
  9696 | D:4      | Bought a ring of protection for 44 gold pieces
  9696 | D:4      | Bought a scroll labeled JIOZAI MOSSAOMUDO for 22 gold pieces
  9696 | D:4      | Bought 2 lumpy golden potions for 39 gold pieces
  9696 | D:4      | Bought a fuming yellow potion for 19 gold pieces
  9899 | D:10     | Entered Level 10 of the Dungeon
  9968 | D:10     | Found a staircase to the Lair.
  9973 | D:10     | Noticed a spiny frog
  9981 | D:10     | Killed a spiny frog
  9981 | D:10     | Reached skill level 10 in Axes
 10245 | D:10     | Received a gift from Okawaru
 10250 | D:10     | Reached **** piety under Okawaru
 10271 | D:10     | Gained mutation: You have a pair of large horns on your head. [mutagenic meat]
 10272 | D:10     | Gained mutation: You are somewhat resistant to further mutation. [mutagenic meat]
 10383 | D:10     | Killed an unseen horror
 11047 | D:10     | Noticed a gargoyle
 11053 | D:10     | Killed a gargoyle
 11053 | D:10     | Reached XP level 11. HP: 74/95 MP: 9/12
 11161 | D:10     | Identified the +2 blowgun of Muej {evade, Dex+2} (You bought it in a shop on level 4 of the Dungeon)
 11677 | D:11     | Received a gift from Okawaru
 11684 | D:11     | Reached skill level 11 in Axes
 11835 | D:11     | Received a gift from Okawaru
 12249 | D:11     | Found a roughly hewn altar of Beogh.
 12822 | D:11     | Got a slimy ring mail
 12845 | D:11     | Identified the cursed +1 ring mail of Ygei {-Cast rC+++ Int+4} (You found it on level 11 of the Dungeon)
 12878 | D:11     | Received a gift from Okawaru
 12992 | D:11     | Noticed Sonja
 13617 | D:11     | Killed Sonja
 13712 | D:11     | Found a burning altar of Makhleb.
 13712 | D:11     | Noticed a green death
 13902 | D:12     | Found a shattered altar of Ashenzari.
 13906 | D:12     | Saw a vision of the Shoals and the Spider Nest.
 13906 | D:12     | Noticed a sea snake
 13906 | D:12     | Noticed a sea snake
 13908 | D:12     | Noticed a wolf spider
 13924 | D:12     | Noticed a hill giant
 13933 | D:12     | Killed a hill giant
 13937 | D:12     | Noticed a hill giant
 13944 | D:12     | Killed a hill giant
 14041 | D:12     | Noticed a white ugly thing
 14046 | D:12     | Killed a white ugly thing
 14080 | D:12     | Reached skill level 5 in Invocations
 14446 | D:12     | Reached skill level 12 in Axes
 14447 | D:12     | Received a gift from Okawaru
 14462 | D:12     | Noticed a hill giant
 14462 | D:12     | Noticed a five-headed hydra
 14468 | D:12     | Killed a five-headed hydra
 14468 | D:12     | Reached XP level 12. HP: 97/106 MP: 14/14
 14730 | D:13     | Reached ***** piety under Okawaru
 14730 | D:13     | Received a gift from Okawaru
 14905 | D:13     | Identified a scroll of acquirement
 15118 | D:13     | Reached skill level 10 in Fighting
 15279 | D:13     | Noticed a centaur warrior
 15290 | D:13     | Killed a centaur warrior
 15290 | D:13     | Reached skill level 10 in Armour
 15292 | D:13     | Received a gift from Okawaru
 15924 | D:13     | Received a gift from Okawaru
 16222 | D:13     | Reached skill level 13 in Axes
 16416 | D:13     | Noticed Frances
 16441 | D:13     | Killed Frances
 16441 | D:13     | Received a gift from Okawaru
 16796 | D:13     | Noticed Rupert
 16799 | D:13     | Paralysed by Rupert for 7 turns
 16830 | D:13     | Killed Rupert
 16830 | D:13     | Received a gift from Okawaru
 17048 | D:13     | Reached XP level 13. HP: 71/114 MP: 16/16
 17638 | D:13     | Found a gate to the Vaults.
 18199 | D:14     | Received a gift from Okawaru
 18461 | D:14     | Received a gift from Okawaru
 18531 | D:14     | Reached skill level 14 in Axes
 18613 | D:14     | Gained mutation: Your flesh is heat resistant. [mutagenic meat]
 18614 | D:14     | Gained mutation: You are partially covered in icy blue scales (AC +1). [potion of beneficial mutation]
 18661 | D:14     | Reached ****** piety under Okawaru
 18661 | D:14     | Received a gift from Okawaru
 18799 | D:14     | Received a gift from Okawaru
 19337 | D:15     | Entered Level 15 of the Dungeon
 19352 | D:15     | Received a gift from Okawaru
 19429 | D:15     | Found a staircase to the Depths.
 19509 | D:15     | Reached XP level 14. HP: 95/124 MP: 18/18
 19759 | D:15     | Reached skill level 15 in Axes
 19793 | D:15     | HP: 3/124 [white ugly thing (19)]
 19795 | D:15     | Reached skill level 5 in Dodging
 21239 | D:15     | Received a gift from Okawaru
 21242 | D:15     | Got an ancient triple sword {god gift}
 21243 | D:15     | Identified the +9 triple sword "Orb Guardian's Death" {slice, +Inv Str+2 Int+8} (Okawaru gifted it to you on level 15 of the Dungeon)
 21382 | D:15     | Gained mutation: You are occasionally teleported next to monsters. [mutagenic meat]
 21383 | D:15     | Lost mutation: You are somewhat resistant to further mutation. [potion of cure mutation]
 21383 | D:15     | Lost mutation: You have a pair of large horns on your head. [potion of cure mutation]
 21383 | D:15     | Lost mutation: You are partially covered in icy blue scales (AC +1). [potion of cure mutation]
 21383 | D:15     | Lost mutation: You are occasionally teleported next to monsters. [potion of cure mutation]
 21383 | D:15     | Lost mutation: Your flesh is heat resistant. [potion of cure mutation]
 21429 | D:14     | Gained mutation: You tend to lose your temper in combat. [potion of mutation]
 21429 | D:14     | Gained mutation: You are partially covered in icy blue scales (AC +1). [potion of mutation]
 21429 | D:14     | Gained mutation: You expend magic power (3 MP) to strengthen your wands. [potion of mutation]
 21471 | D:14     | Gained mutation: You have large cloven feet. [potion of mutation]
 21471 | D:14     | Gained mutation: Your flesh is cold resistant. [potion of mutation]
 21471 | D:14     | Gained mutation: You often lose your temper in combat. [potion of mutation]
 21472 | D:14     | Lost mutation: You are partially covered in icy blue scales (AC +1). [potion of cure mutation]
 21472 | D:14     | Lost mutation: You expend magic power (3 MP) to strengthen your wands. [potion of cure mutation]
 21472 | D:14     | Lost mutation: You often lose your temper in combat. [potion of cure mutation]
 21473 | D:14     | Lost mutation: You have large cloven feet. [potion of cure mutation]
 21473 | D:14     | Lost mutation: You tend to lose your temper in combat. [potion of cure mutation]
 21473 | D:14     | Lost mutation: Your flesh is cold resistant. [potion of cure mutation]
 21518 | D:15     | Slain by a cyan ugly thing

Dungeon Overview and Level Annotations

Branches:
Dungeon (15/15)            Temple (0/1) D:6            Lair (0/8) D:10
    Orc (0/2) D:9          Vaults (0/5) D:13         Depths (0/5) D:15

Altars:
Ashenzari
Cheibriados
Fedhas
Makhleb
Okawaru
Pakellas
Xom
Beogh

Shops:
D:4 *

Annotations:
D:10 1 exclusion


Message History

You are too injured to fight recklessly!
You are too injured to fight recklessly!
Unknown command.
Use which ability? (? or * to list)
You gain the combat prowess of a mighty hero.
You feel slightly more hungry. The cyan ugly thing punches you!
The cyan ugly thing shocks you!
The cyan ugly thing trunk-slaps you but does no damage.
Unknown command.
Use which ability? (? or * to list)
You can now deal lightning-fast blows.
You feel somewhat more hungry.
Unknown command.
You slice the cyan ugly thing!! You headbutt the cyan ugly thing.
The cyan ugly thing is heavily wounded.
You hit the cyan ugly thing.
The cyan ugly thing is severely wounded.
You slash the cyan ugly thing!
The cyan ugly thing is lightly wounded.
Something shouts, "Escape, thou pox-marked nut-hook slime mould!"
You slash the cyan ugly thing! You headbutt the cyan ugly thing!
The cyan ugly thing is almost dead.
You closely miss the cyan ugly thing.
The cyan ugly thing is severely wounded.
You closely miss the cyan ugly thing.
The cyan ugly thing is lightly wounded.
The cyan ugly thing punches you but does no damage.
Your plate armour prevents you from hitting the cyan ugly thing.
You headbutt the cyan ugly thing.
You kill the cyan ugly thing!
Okawaru accepts your kill.
You hit the cyan ugly thing.
The cyan ugly thing is lightly wounded.
You slash the cyan ugly thing!
The cyan ugly thing is severely wounded.
You slice the cyan ugly thing!!
Your headbutt misses the cyan ugly thing.
The cyan ugly thing is heavily wounded.
You slash the cyan ugly thing!
The cyan ugly thing is heavily wounded.
You hit the cyan ugly thing but do no damage.
The cyan ugly thing is severely wounded.
The cyan ugly thing punches you but does no damage.
The cyan ugly thing closely misses you. You furiously retaliate!
You headbutt the cyan ugly thing. You slash the cyan ugly thing!
The cyan ugly thing is severely wounded.
You slash the cyan ugly thing!
The cyan ugly thing is heavily wounded.
You slash the cyan ugly thing!
The cyan ugly thing is almost dead.
The cyan ugly thing basks in the mutagenic energy from its kin and changes!
A shadow imp comes into view.
You open the purple ugly thing like a pillowcase!!!
You kill the purple ugly thing!
Okawaru accepts your kill.
You barely miss the cyan ugly thing.
The cyan ugly thing is almost dead.
You slice the cyan ugly thing!!
You kill the cyan ugly thing!
Okawaru accepts your kill.
You closely miss the cyan ugly thing.
The cyan ugly thing is almost dead.
The cyan ugly thing punches you! The cyan ugly thing shocks you!
Unknown command.
You barely miss the brown ugly thing. You barely miss the cyan ugly thing.
The cyan ugly thing is almost dead.
Unknown command.
Drink which item? (? for menu, Esc to quit)
Okay, then.
Drink which item? (? for menu, Esc to quit)
You feel better.
The cyan ugly thing punches you but does no damage.
You barely miss the cyan ugly thing.
Your headbutt misses the cyan ugly thing.
The cyan ugly thing is almost dead.
You slash the brown ugly thing!
The brown ugly thing is lightly wounded.
The cyan ugly thing punches you! The cyan ugly thing shocks you!
You die...

You could see 2 ugly things and a shadow imp.

Vanquished Creatures
  Rupert (D:13)
  Frances (D:13)
  A hydra (D:12)
  3 centaur warriors
  A death knight (D:15)
  Erica (D:9)
  A vampire mage (D:15)
  A tengu warrior (D:14)
  Sonja (D:11)
  2 skeletal warriors (D:15)
  A deep troll (shapeshifter) (D:15)
  2 unseen horrors
  The ghost of mistymad the Fighter, a novice MiBe of Trog (D:6)
  6 hill giants
  An orc knight (D:13)
  A necromancer (D:15)
  A wolf spider zombie (D:13)
  34 ugly things
  A fire giant zombie (D:15)
  9 cyclopes
  A manticore (D:15)
  2 gargoyles
  A komodo dragon (D:15)
  A spiny frog (D:10)
  An efreet (D:14)
  A kobold demonologist (D:13)
  5 yaktaurs
  A tengu conjurer (D:15)
  5 trolls
  3 two-headed ogres
  Prince Ribbit (D:7)
  A blink frog (D:10)
  Grinder (D:3)
  A centaur simulacrum (D:15)
  An ettin zombie (D:15)
  A fire dragon skeleton (D:15)
  A spriggan skeleton (D:15)
  2 vampires
  2 shadows
  3 wraiths
  2 wyverns
  25 yaks
  3 hippogriffs
  4 hungry ghosts
  A steam dragon (D:13)
  A mottled dragon (D:14)
  11 vampire mosquitoes
  A porcupine (shapeshifter) (D:5)
  2 water moccasins
  8 orc warriors
  3 ice beasts
  A wasp (D:15)
  An eye of draining (D:11)
  2 sky beasts
  8 ogres
  A necrophage (D:10)
  22 centaurs
  2 crocodiles
  5 big kobolds
  Blork the orc (D:6)
  5 giant frogs
  A gnoll sergeant (D:5)
  A wyvern skeleton (D:13)
  A scorpion (D:9)
  15 killer bees
  12 wights
  A howler monkey (D:12)
  13 crimson imps
  2 giant frog zombies
  2 centaur zombies
  3 jellies
  12 hounds
  2 wasp zombies
  10 orc priests
  12 orc wizards
  3 centaur skeletons
  3 giant frog skeletons
  Crazy Yiuf (D:2)
  6 iguanas
  Terence (D:2)
  7 worker ants
  17 sheep
  A hound skeleton (D:8)
  Robin (D:1)
  8 gnolls
  7 river rats (Sewer)
  19 adders
  4 shadow imps
  2 adder zombies (D:7)
  A worm (D:3)
  A dart slug (D:2)
  5 giant geckos
  56 orcs
  5 giant cockroaches
  24 goblins
  9 hobgoblins
  13 jackals
  6 quokkas
  7 ball pythons
  7 bats
  A giant cockroach zombie (D:6)
  10 giant newts
  A jackal skeleton (D:6)
  47 kobolds
  23 rats
597 creatures vanquished.

Vanquished Creatures (collateral kills)
  A yak (D:13)
  An orc priest (D:11)
  4 orcs
6 creatures vanquished.

Vanquished Creatures (others)
  An ice dragon (D:8)
  2 centaurs (D:13)
  An orc priest (D:6)
  2 orcs (D:13)
  A bush (D:8)
  A fungus (D:2)
8 creatures vanquished.

Grand Total: 611 creatures vanquished

Action                   |  1- 3 |  4- 6 |  7- 9 | 10-12 | 13-15 || total
-------------------------+-------+-------+-------+-------+-------++-------
Melee: Short sword       |   103 |    13 |       |       |       ||   116
       Headbutt          |     9 |    17 |    70 |   101 |    61 ||   258
       Quarterstaff      |       |    87 |   363 |       |       ||   450
       Battleaxe         |       |       |    43 |   539 |   334 ||   916
 Fire: Blowgun           |       |       |       |    13 |       ||    13
Throw: Throwing net      |       |     1 |       |       |       ||     1
       Javelin           |       |       |     2 |    29 |    89 ||   120
Invok: Heroism           |       |       |     2 |    26 |    16 ||    44
       Finesse           |       |       |       |       |     3 ||     3
 Abil: Evoke Berserk Rag |       |       |     1 |       |       ||     1
Evoke: Wand              |       |       |     6 |       |       ||     6
       Lamp of fire      |       |       |       |     1 |     1 ||     2
  Use: Potion            |       |       |     5 |     6 |     9 ||    20
       Scroll            |       |       |     1 |    23 |     3 ||    27
 Stab: Held in net/web   |       |     1 |       |       |       ||     1
       Confused          |       |       |     2 |     1 |       ||     3
       Paralysed         |       |       |     1 |       |       ||     1
  Eat: Chunk             |     2 |     4 |    24 |    30 |    16 ||    76
       Royal jelly       |       |       |       |     1 |       ||     1
       Fruit             |       |       |       |     1 |     2 ||     3
       Pizza             |       |       |       |       |     1 ||     1
Armor: Leather armour    |    20 |       |       |       |       ||    20
       Scale mail        |    21 |    59 |   282 |   203 |       ||   565
       Plate armour      |       |       |       |   108 |   196 ||   304
       Ring mail         |       |       |       |    24 |       ||    24
Dodge: Dodged            |    64 |    55 |   302 |   307 |   114 ||   842
Block: Other             |       |       |    19 |       |       ||    19
       Reflection        |       |       |     1 |       |       ||     1

Vault maps used:
D:1:      dpeg_arrival_line_fractal
D:2:      fedhas_altar_3, uniq_robin, uniq_terence, uniq_crazy_yiuf_cottage
D:3:      minmay_door_path, first_bread, led_xom_imps, uniq_grinder
D:4:      okawaru_ov_weapons_minmay, serial_shops, shop
D:5:      lightli_sewer_entry_pipes, kennysheep_generic_room_12
D:6:      lemuel_doored_altar, minmay_temple_entry_overgrown, st_stairs_13,
          minivault_27, uniq_blork_the_orc
D:7:      lemuel_crystal_altar, uniq_prince_ribbit1
D:8:      hangedman_decor_peaks_small, grunt_ogre_cave, nrook_loot_triangle,
          gammafunk_pakellas_spire_experiment
D:9:      orc_0_dummy, bh_walls_and_bars, uniq_erica
D:10:     dpeg_lair_monsters, tgw_sif
D:11:     special_room, makhleb_altar_promises_db, uniq_sonja
D:12:     st_stairs_5, grunt_ashenzari_visionary
D:13:     hangedman_vaults_entry_quadrant_bands, lemuel_flamethrower_3,
          uniq_frances, uniq_rupert
D:14:     nrook_mini_vaults, kennysheep_generic_room_5
D:15:     gammafunk_depths_entry_grave, serial_park_gazebo, st_stairs_4
Sewer:    sewer_minmay_treatment
